 Dungeon Crawl Stone Soup version 0.32-a0-675-gdc239d62e1 (webtiles) character file.

Game seed: 7241130842662745660

96 robwolf the Conjurer (level 4, -8/33 HPs)
             Began as a Draconian Conjurer on Mar 11, 2024.
             Mangled by an orc
             ... wielding a +2 dagger of electrocution
              (18 damage)
             ... on level 3 of the Dungeon.
             The game lasted 00:49:48 (2232 turns).

robwolf the Conjurer (Draconian Conjurer)           Turns: 2232, Time: 00:49:49

Health: -8/33      AC:  7    Str: 12    XL:     4   Next: 41%
Magic:  0/7        EV: 12    Int: 18    God:
Gold:   205        SH:  0    Dex:  9    Spells: 4/7 levels left

rFire   . . .        i - +3 mace
rCold   . . .        (no shield)
rNeg    . . .        (body armour unavailable)
rPois   .            (helmet restricted)
rElec   .            (no cloak)
rCorr   .            k - +1 pair of gloves
SInv    .            (no boots)
Will    .....        (no amulet)
Stlth   ++           (no ring)
HPRegen 0.25/turn    (no ring)
MPRegen 0.10/turn

%: no passive effects
@: no status effects
A: AC +5, unfitting armour, cold-blooded
a: no special abilities


You were on level 3 of the Dungeon.
You visited 1 branch of the dungeon, and saw 3 of its levels.

You collected 205 gold pieces.

Inventory:

Hand Weapons
 b - a +0 mace
 c - a +0 dagger
 g - a +0 whip
 h - a +0 short sword
 i - a +3 mace (weapon)
 o - a +0 shortbow
 q - a +0 dagger of speed
Missiles
 f - 20 stones
Armour
 d - a +0 chain mail
 e - a +0 ring mail
 j - a +0 chain mail
 k - a +1 pair of gloves (worn)
Magical Staves
 w - a staff of alchemy
Wands
 l - a wand of warping (9)
Scrolls
 n - a scroll of identify {unknown}
 p - a scroll of teleportation {unknown}
 r - a scroll of fog {unknown}
 t - a scroll of summoning {unknown}
Potions
 a - a potion of magic
 m - a potion of haste {unknown}
 s - a potion of lignification {unknown}
 u - a potion of attraction {unknown}
 v - a potion of curing {unknown}


   Skills:
 + Level 0.1 Fighting
 + Level 1.3 Maces & Flails
 + Level 2.1 Dodging
 + Level 2.2 Stealth
 + Level 2.2 Spellcasting
 + Level 5.1 Conjurations


You had 4 spell levels left.
You knew the following spells:

 Your Spells              Type           Power      Damage    Failure   Level
a - Magic Dart            Conj           80%        1d7       2%          1
b - Searing Ray           Conj           40%        2d5       3%          2

Your spell library contained the following spells:

 Spells                   Type           Power      Damage    Failure   Level
 Sting                    Conj/Alch      44%        1d5       6%          1
 Apportation              Tloc           4%         N/A       19%         1
 Necrotise                Necr           8%         1d4       19%         1
 Summon Small Mammal      Summ           8%         N/A       19%         1
 Mercury Vapours          Alch/Air       4%         N/A       26%         2
 Mephitic Cloud           Conj/Alch/Air  8%         N/A       26%         3
 Fulminant Prism          Conj/Alch      5%         3d7       52%         4
 Iskenderun's Mystic Bla  Conj/Tloc      11%        2d4       52%         4
 Freezing Cloud           Conj/Ice/Air   4%         6-21      94%         5


Dungeon Overview and Level Annotations

Branches:
Dungeon (3/15)

Altars:
Wu Jian


Innate Abilities, Weirdness & Mutations

Your plain brown scales are hard. (AC +5)
You cannot fit into any form of body armour.
You are cold-blooded and may be slowed by cold attacks.


Message History

You closely miss the rat. The rat bites you.
An orc comes into view.
It is wielding a +2 dagger of electrocution.
The orc shouts!
You sock the rat!
You kill the rat!
You see here a rat corpse.
A bombardier beetle comes into view.
You see here a rat corpse.
Unknown command.
Casting: Searing Ray (safe; 3% risk of failure)
Confirm with . or Enter, or press ? or * to list all spells.
Aiming: Searing Ray (safe; 3% risk of failure)
Press: ? - help, Shift-Dir - straight line, f - orc
Aim: an orc, wielding a +2 dagger of electrocution and wearing a +0 chain mail (84% to hit)
The searing ray hits the orc.
The orc is heavily wounded. (Press . to maintain the ray.)
You can't go down here!
The searing ray hits the orc.
The orc is almost dead.
The orc hits you with a +2 dagger of electrocution.
You are electrocuted!
You hit the orc but do no damage.
The orc is almost dead.
The orc hits you but does no damage.
The orc hits you with a +2 dagger of electrocution.
You barely miss the orc.
Your tail-slap misses the orc.
The orc is almost dead.
The orc hits you but does no damage.
Casting: Searing Ray (safe; 3% risk of failure)
Confirm with . or Enter, or press ? or * to list all spells.
Aiming: Magic Dart (safe; 2% risk of failure)
Press: ? - help, Shift-Dir - straight line, f/p - orc
Aim: an orc, wielding a +2 dagger of electrocution and wearing a +0 chain mail (almost dead, 100% to hit)
The magic dart hits the orc but does no damage.
The orc is almost dead.
The orc hits you with a +2 dagger of electrocution.
You are electrocuted!!
Ouch! That really hurt!
You die...

####.#.####...........
#....#....'...........
#.##.######...........
' #. #.# #...........
.. #..#.# ############
...##.#.#######
...............
...##.#.#######
B...#.)o@.# #[....#.#
##......# ##.###....
... ...... ###. ##....
#. .... .... ..


You could see an orc.

Vanquished Creatures
  3 adders (D:2)
  3 dart slugs (D:2)
  A ribbon worm (D:2)
  2 orcs (D:3)
  9 bats
  2 endoplasms (D:1)
  A giant cockroach (D:1)
  13 goblins
  4 hobgoblins
  7 kobolds
  2 ball pythons (D:1)
  2 frilled lizards
  7 rats
56 creatures vanquished.

Notes
Turn   | Place    | Note
-------+----------+-------------------------------------------
     0 | D:1      | robwolf the Draconian Conjurer began the quest for the Orb.
     0 | D:1      | Reached XP level 1. HP: 14/14 MP: 3/3
   267 | D:1      | Reached XP level 2. HP: 20/20 MP: 0/5
  1088 | D:1      | Found a faded altar of an unknown god.
  1147 | D:1      | Learned a level 2 spell: Searing Ray
  1147 | D:1      | :
  1147 | D:1      | ;
  1387 | D:2      | Reached XP level 3. HP: 26/26 MP: 1/6
  1574 | D:2      | Reached skill level 5 in Conjurations
  1574 | D:2      | Reached XP level 4. HP: 33/33 MP: 3/7
  1730 | D:2      | Reached skill level 1 in Maces & Flails
  2076 | D:3      | Found an ornate altar of the Wu Jian Council.
  2232 | D:3      | Mangled by an orc

Illustrated notes

#..........##########..........##
######............# #..........#
#.##########.# #..........#
#.#,...#...#.# ############
####.#,##.#.....#
###....#,#........#
.......#,#..##....#
###....#,#........####
#..#.#,#.#####@.⌠..#####*******
#..#.#,#................,,,,,,,
#..#.#,#######.._..#####*******
#..#.#,* #.....# #..#.#,*
#..⌠..####### #..#.#,*
##..........# #..#.#,*
##.#######.#***** #..#.#,* #.#
#.#,,,,, #..#.#,* #.# #.#,****


Turn 1147 on D:1: :

Levels and vault maps discovered:
D:1:      sevenhm_arrival_forest_fort_small_6, layout_basic,
          hellmonk_ecumenical_altar_run_dry, chequers_mini_garden
D:2:      kennysheep_the_goblin_king, layout_rooms, bh_walls_and_bars
D:3:      layout_basic, nzn_wu_jian_contemplation

Skill      XL: |  1  2  3  4 |
---------------+-------------+-----
Stealth        | 2 |  2.2
Dodging        | 2 |  2.1
Conjurations   | 5 |  5.1
Maces & Flails | 1 |  1.3
Fighting       | |  0.1
Spellcasting   | |  2.2

Action                     |  1- 3 |  4- 6 || total
---------------------------+-------+-------++-------
  Melee: Mace              |    35 |    40 ||    75
         Tailslap          |     2 |     2 ||     4
   Cast: Magic Dart        |    39 |    10 ||    49
         Searing Ray       |       |     5 ||     5
    Use: Scroll            |     3 |     1 ||     4
         Potion            |     1 |       ||     1
 Armour: Skin              |    28 |    31 ||    59
  Dodge: Dodged            |    52 |    27 ||    79

Table legend: (Time is in decaauts)
 A = Elapsed time spent in this place.
 B = Non-inter-level travel time spent in this place.
 C = Inter-level travel time spent in this place.
 D = Time resting spent in this place.
 E = Time spent auto-exploring this place.
 F = Levels seen in this place.
 G = Mean time per level.
                   A        B        C        D        E       F      G
               +--------+--------+--------+--------+--------+-----+--------+
         Total |   2257 |   2249 |      8 |    220 |      0 |   3 |  752.3 |
       Dungeon |   2257 |   2249 |      8 |    220 |      0 |   3 |  752.3 |
               +--------+--------+--------+--------+--------+-----+--------+

Top non-repeatable levels by time:
     D:1: 1327 daAuts
     D:2: 642 daAuts
     D:3: 287 daAuts
